 Dungeon Crawl Stone Soup version 0.16-a0-4020-g6ff35b5 (webtiles) character file.

80443 BluebellGnoll the Warrior (level 15, -15/150 HPs)
             Began as a Minotaur Berserker on Feb 16, 2015.
             Was a High Priest of Trog.
             Demolished by a death yak (16 damage)
             ... on level 8 of the Lair of Beasts on Feb 17, 2015.
             The game lasted 01:38:46 (18830 turns).

BluebellGnoll the Warrior (Minotaur Berserker)     Turns: 18830, Time: 01:38:46

Health: -15/150    AC: 19    Str: 27    XL:     15   Next: 23%
Magic:  6/6        EV: 10    Int:  8    God:    Trog [*****.]
Gold:   1482       SH:  0    Dex: 22    Spells: 0 memorised, 14 levels left

rFire  + . .     SeeInvis .     f - +8 battleaxe of the Wraith {chop, Dex+7}
rCold  . . .     Clarity  .     M - +2 chain mail "Then" {rCorr Int+4 Slay+3}
rNeg   . . .     SustAb   +     (no shield)
rPois  .         Gourm    .     (helmet restricted)
rElec  .         Spirit   .     W - +0 cloak
rCorr  +         Warding  .     i - +0 pair of gloves "Vownuluj" {rF+ Dex+4}
rMut   .         Stasis   .     j - +1 pair of boots
MR     +....                    (no amulet)
Stlth  ..........               S - ring of sustain abilities
                                P - +3 ring of slaying

@: somewhat resistant to hostile enchantments, extremely unstealthy
A: retaliatory headbutt, horns 2
a: Burn Spellbooks, Berserk, Trog's Hand, Brothers in Arms, Renounce Religion


You were on level 8 of the Lair of Beasts.
You worshipped Trog.
Trog was extremely pleased with you.
You were hungry.

You visited 3 branches of the dungeon, and saw 23 of its levels.
You also visited: Ice Cave.

You collected 1714 gold pieces.
You spent 232 gold pieces at shops.

Inventory:

Hand weapons
 f - the +8 battleaxe of the Wraith (weapon) {chop, Dex+7}
   (Trog gifted it to you on level 3 of the Lair of Beasts)

   It inflicts extra damage upon your enemies.
   It affects your dexterity (+7).
 O - a +1 antimagic executioner's axe
 Q - a +0 war axe of chaos
Missiles
 t - 9 javelins of penetration
 y - 7 tomahawks (quivered)
 z - 4 poisoned tomahawks
 A - 3 throwing nets
 D - 11 javelins
 N - 7 poisoned javelins
Armour
 i - the +0 pair of gloves "Vownuluj" (worn) {rF+ Dex+4}
   (You bought it in a shop on level 7 of the Dungeon)

   It affects your dexterity (+4).
   It protects you from fire.
 j - a +1 pair of boots (worn)
 M - the +2 chain mail "Then" (worn) {rCorr Int+4 Slay+3}
   (You found it on level 13 of the Dungeon)

   It affects your intelligence (+4).
   It affects your accuracy and damage with ranged weapons and melee attacks
   (+3).
   It protects you from acid and corrosion.
 W - a +0 cloak (worn)
Jewellery
 e - an uncursed amulet of regeneration
 F - an uncursed ring of flight
 I - an uncursed ring of protection from cold
 P - a +3 ring of slaying (left hand)
 R - an uncursed ring of see invisible
 S - a ring of sustain abilities (right hand)
Magical devices
 m - a wand of draining (1)
 s - a wand of enslavement (12)
 w - a wand of cold (5)
 E - a wand of confusion (34)
 T - a wand of random effects (14)
 X - a wand of heal wounds (9)
Scrolls
 b - 11 scrolls of remove curse
 g - 6 scrolls of teleportation
 o - 2 scrolls of identify
 p - 3 scrolls of fear
 K - a scroll of magic mapping
Potions
 a - 3 potions of invisibility
 d - 4 potions of agility
 h - 2 potions of resistance
 k - 9 potions of curing
 n - 3 potions of cancellation
 q - a potion of brilliance
 r - a potion of ambrosia
 C - a potion of heal wounds
 V - a potion of berserk rage
 Z - 2 potions of haste
Miscellaneous
 H - a plain deck of changes
 L - a lantern of shadows
Comestibles
 c - 17 bread rations
 l - 2 meat rations
 u - 7 fruits


   Skills:
 - Level 18.5 Fighting
 - Level 16.4 Axes
 + Level 14.1 Throwing
 - Level 10.9 Armour
 - Level 2.1 Dodging


You had 14 spell levels left.
You didn't know any spells.

Dungeon Overview and Level Annotations

Branches:
Dungeon (14/15)            Temple (1/1) D:7            Lair (8/8) D:11
  Swamp (0/5) Lair:5        Snake (0/5) Lair:4        Slime (0/6) Lair:7
    Orc (0/4) D:9          Vaults (0/5) D:14

Altars:
Cheibriados
Fedhas
Kikubaaqudgha
Makhleb
Nemelex Xobeh
Okawaru
Ru
Vehumet
Xom
Yredelemnul
Zin

Shops:
D:7 [   D:12 !


Innate Abilities, Weirdness & Mutations

You reflexively headbutt those who attack you in melee.
You have a pair of horns on your head.


Message History

Trog accepts your kill.
You headbutt the wasp.
The wasp is almost dead.
You slice the death yak!!
The death yak is heavily wounded.
You slash the death yak!
The death yak is moderately wounded.
Your stone giant hits the death yak!!
The death yak gores you.
* * * LOW HITPOINT WARNING * * *
The death yak gores you but does no damage.
The wasp closely misses you. You furiously retaliate!
You headbutt the wasp!
You kill the wasp!
Trog accepts your kill. The wolf bites your stone giant.
Your stone giant hits the death yak!!
The death yak dies!
Trog accepts your kill. The wolf bites your stone giant.
The death yak gores you!
* * * LOW HITPOINT WARNING * * *
The death yak gores you!
You die...

..♣♣ ..♣♣♣ ♣h.♣♣
♣C.♣♣ ♣.†@♣♣..♣
♣♣♣))YY..♣
♣♣♣♣.).♣♣......♣
♣♣♣♣♣...♣♣♣♣
♣♣.♣... ♣♣......♣♣
♣♣ .. ♣♣.......♣
.........♣♣♣
...........♣♣♣
.............♣♣♣♣♣


You could see 2 death yaks, a wolf and a friendly stone giant (berserk).

Vanquished Creatures
  Norris (D:14)
  A frost giant (IceCv)
  Louise (D:14)
  A rakshasa (D:13)
  An ettin (D:12)
  A fire dragon (D:14)
  The ghost of Charly the Grappler, a powerful VSTm of Ashenzari (IceCv)
  Fannar (D:13)
  5 hydras
  Harold (Lair:6)
  Erica (Lair:7)
  2 centaur warriors (D:13)
  3 death yaks
  An ogre mage (D:14)
  Nergalle (Lair:7)
  2 unseen horrors
  A catoblepas (D:13)
  An ice statue (IceCv)
  An orc knight (D:14)
  7 hill giants
  2 wizards
  7 ugly things
  A manticore (D:12)
  A wolf spider zombie (D:13)
  3 griffons
  3 cyclopes
  6 elephants (Lair:4)
  3 black mambas
  13 spiny frogs
  5 komodo dragons
  3 fire drakes
  A freezing wraith (D:14)
  A yaktaur (D:12)
  5 trolls
  A two-headed ogre (D:14)
  15 polar bears
  4 blink frogs (Lair:3)
  12 slime creatures
  2 basilisks
  A raven (shapeshifter) (D:12)
  2 trapdoor spiders (D:12)
  4 spriggans (Lair:8)
  A redback (Lair:8)
  51 yaks
  3 hippogriffs
  16 humans (D:14)
  21 wolves
  A shadow (D:14)
  A vampire mosquito (D:12)
  A steam dragon (D:14)
  2 wyverns
  3 hungry ghosts
  A wraith (D:12)
  A soldier ant (D:13)
  Menkaure (D:6)
  3 nagas (Lair:4)
  10 water moccasins
  8 porcupines
  6 swamp worms (Lair:5)
  12 ice beasts
  3 mottled dragons
  2 black bears (Lair:8)
  3 sky beasts
  9 ogres
  A wasp (Lair:8)
  8 orc warriors
  A phantom (D:6)
  16 centaurs
  24 giant frogs
  9 crocodiles
  The ghost of hornqvist the Cudgeler, an average GrFi (D:4)
  A brain worm (Lair:6)
  A boring beetle (Lair:7)
  A big kobold (D:9)
  A wyvern skeleton (D:12)
  4 scorpions
  16 killer bees
  10 wights
  2 electric eels
  A goliath beetle (D:11)
  A quasit (D:10)
  3 centaur zombies
  12 crimson imps
  8 orc priests
  18 orc wizards
  2 giant frog zombies
  2 jellies
  3 giant frog skeletons
  A gnoll shaman (D:4)
  19 hounds
  7 iguanas
  5 centaur skeletons
  18 worker ants
  A hell rat (D:11)
  A sheep (D:11)
  A mummy (D:13)
  A hound skeleton (D:8)
  A hound zombie (D:5)
  2 worker ant zombies
  Robin (D:2)
  9 gnolls
  24 river rats
  24 adders
  3 shadow imps
  5 worms
  4 giant geckos
  An ooze (D:2)
  43 orcs
  A ball python (IceCv)
  16 bats
  2 bat skeletons
  5 giant cockroaches
  17 hobgoblins
  10 jackals
  A giant gecko skeleton (D:4)
  6 giant newts
  A giant spore (D:6)
  18 goblins
  24 kobolds
  18 quokkas
  14 rats
  A spectral orc (Lair:7)
  4 ballistomycetes
  2 fungi
  3 plants
748 creatures vanquished.

Vanquished Creatures (collateral kills)
  A rakshasa (D:13)
  A death yak (Lair:8)
  3 yaks
  A wolf (IceCv)
  A giant frog (Lair:7)
  An electric eel (Lair:7)
  3 adders (IceCv)
  4 ball pythons (IceCv)
15 creatures vanquished.

Vanquished Creatures (others)
  A deep elf priest (D:12)
  2 polar bears (IceCv)
  2 yaks (IceCv)
  A deep elf mage (D:12)
  2 deep elf fighters (D:12)
  A wasp (D:14)
  A giant frog (D:7)
  A giant spore (D:10)
11 creatures vanquished.

Grand Total: 774 creatures vanquished

Notes
Turn   | Place    | Note
--------------------------------------------------------------
     0 | D:1      | BluebellGnoll, the Minotaur Berserker, began the quest for the Orb.
     0 | D:1      | Reached XP level 1. HP: 19/19 MP: 1/1
   118 | D:1      | Reached skill level 4 in Axes
   204 | D:1      | Reached XP level 2. HP: 23/26 MP: 1/1
   617 | D:2      | Acquired Trog's second power
   627 | D:2      | Reached skill level 5 in Axes
   642 | D:2      | Reached XP level 3. HP: 23/31 MP: 2/2
  1041 | D:2      | Noticed Robin
  1054 | D:2      | Reached XP level 4. HP: 36/39 MP: 2/2
  1057 | D:2      | Reached skill level 6 in Axes
  1064 | D:2      | Killed Robin
  1486 | D:3      | Noticed a giant frog
  1495 | D:3      | Killed a giant frog
  1495 | D:3      | Reached skill level 5 in Fighting
  1495 | D:3      | Reached XP level 5. HP: 30/49 MP: 2/2
  1713 | D:4      | Noticed hornqvist's ghost (average GrFi)
  1726 | D:4      | Killed hornqvist's ghost
  1726 | D:4      | Reached XP level 6. HP: 44/58 MP: 3/3
  1728 | D:4      | Acquired Trog's third power
  1728 | D:4      | Reached skill level 7 in Fighting
  1870 | D:4      | Found a shimmering altar of Xom.
  1870 | D:4      | Noticed an ogre
  1908 | D:4      | Killed an ogre
  1908 | D:4      | Reached skill level 8 in Fighting
  1908 | D:4      | Reached XP level 7. HP: 27/68 MP: 3/3
  2193 | D:4      | Reached skill level 9 in Fighting
  2276 | D:5      | Entered Level 5 of the Dungeon
  3062 | D:6      | Noticed Menkaure
  3069 | D:6      | Reached XP level 8. HP: 20/78 MP: 3/3
  3071 | D:6      | Killed Menkaure
  3328 | D:6      | Reached skill level 10 in Axes
  3471 | D:6      | Found a sparkling altar of Nemelex Xobeh.
  3559 | D:6      | Reached skill level 1 in Throwing
  3812 | D:7      | Reached XP level 9. HP: 47/83 MP: 4/4
  3816 | D:7      | Reached skill level 5 in Throwing
  3819 | D:7      | HP: 3/83 [ogre/giant club (15)]
  3834 | D:7      | Received a gift from Trog
  3893 | D:7      | Found a sacrificial altar of Ru.
  3894 | D:7      | Found a snail-covered altar of Cheibriados.
  3896 | D:7      | Found a glowing silver altar of Zin.
  3898 | D:7      | Found a basalt altar of Yredelemnul.
  3898 | D:7      | Found an iron altar of Okawaru.
  3968 | D:7      | Found a staircase to the Ecumenical Temple.
  3993 | Temple   | Entered the Ecumenical Temple
  4055 | D:7      | Found Otam's Antique Armour Shop.
  4062 | D:7      | Bought a pair of twisted gloves for 190 gold pieces
  4067 | D:7      | Identified the +0 pair of gloves "Vownuluj" {rF+ Dex+4} (You bought it in a shop on level 7 of the Dungeon)
  4180 | D:7      | Reached skill level 10 in Fighting
  4413 | D:8      | Found a blossoming altar of Fedhas.
  4453 | D:8      | Received a gift from Trog
  4767 | D:8      | Reached skill level 11 in Fighting
  5599 | D:9      | Reached skill level 12 in Fighting
  5637 | D:9      | Reached XP level 10. HP: 80/97 MP: 4/4
  5655 | D:9      | Found an ancient bone altar of Kikubaaqudgha.
  5828 | D:9      | Found a staircase to the Orcish Mines.
  5912 | D:9      | Reached skill level 5 in Armour
  5950 | D:9      | Received a gift from Trog
  6133 | D:9      | Noticed a wizard
  6141 | D:9      | Killed a wizard
  6777 | D:10     | Entered Level 10 of the Dungeon
  6778 | D:10     | Found a burning altar of Makhleb.
  6916 | D:10     | Found a sparkling altar of Nemelex Xobeh.
  7101 | D:10     | Received a gift from Trog
  7213 | D:10     | Noticed an unseen horror
  7232 | D:10     | Killed an unseen horror
  7232 | D:10     | Reached skill level 10 in Armour
  7278 | D:10     | Noticed a griffon
  7286 | D:10     | Killed a griffon
  7478 | D:10     | Received a gift from Trog
  7597 | D:11     | Reached XP level 11. HP: 99/104 MP: 4/4
  7754 | D:11     | Found a staircase to the Lair.
  7772 | D:11     | Received a gift from Trog
  7776 | D:11     | Identified a scroll of acquirement
  8125 | D:11     | Noticed a cyclops
  8130 | D:11     | Killed a cyclops
  8309 | Lair:1   | Entered Level 1 of the Lair of Beasts
  8695 | Lair:1   | Reached skill level 13 in Axes
  8797 | Lair:1   | Found a sacrificial altar of Ru.
  9153 | D:12     | Noticed a hill giant
  9274 | D:12     | Reached skill level 14 in Axes
  9335 | D:12     | Received a gift from Trog
  9504 | D:12     | Killed a hill giant
  9691 | D:12     | Reached XP level 12. HP: 90/115 MP: 5/5
  9697 | D:12     | Noticed a hill giant
  9704 | D:12     | Killed a hill giant
  9709 | D:12     | Received a gift from Trog
  9710 | D:12     | Got a steaming lajatang {god gift}
  9746 | D:12     | Noticed an ettin
  9748 | D:12     | Noticed a hill giant
  9750 | D:12     | Killed an ettin
  9754 | D:12     | Killed a hill giant
  9915 | D:12     | Found Alabaf Schyu's Distillery.
  9931 | D:12     | Bought a potion of mutation for 42 gold pieces
 10004 | D:12     | Reached skill level 15 in Fighting
 10170 | D:12     | Noticed a hill giant
 10174 | D:12     | Killed a hill giant
 10439 | D:13     | Found a sparkling altar of Nemelex Xobeh.
 10557 | D:13     | Noticed a rakshasa
 10568 | D:13     | Killed a rakshasa
 10569 | D:13     | Killed a rakshasa
 10569 | D:13     | Reached skill level 16 in Fighting
 10597 | D:13     | Noticed a seven-headed hydra
 10606 | D:13     | Killed a seven-headed hydra
 10680 | D:13     | Got a distressingly furry chain mail
 10691 | D:13     | Identified the +2 chain mail "Then" {rCorr Int+4 Slay+3} (You found it on level 13 of the Dungeon)
 10717 | D:13     | Noticed a centaur warrior
 10721 | D:13     | Killed a centaur warrior
 10809 | D:13     | Noticed Fannar
 10818 | D:13     | Killed Fannar
 10864 | D:13     | Reached skill level 17 in Fighting
 10866 | D:13     | Reached XP level 13. HP: 128/132 MP: 5/5
 11079 | D:13     | Found a radiant altar of Vehumet.
 11083 | D:13     | Noticed a centaur warrior
 11096 | D:13     | Killed a centaur warrior
 11163 | D:13     | Identified the -1 lajatang "Tuhugoas" {drain, rF+ Int+5 Stlth-} (Trog gifted it to you on level 12 of the Dungeon)
 11346 | D:14     | Found a gate to the Vaults.
 11346 | D:14     | Noticed Norris
 11353 | D:14     | Received a gift from Trog
 11353 | D:14     | Reached skill level 18 in Fighting
 11360 | D:14     | Killed Norris
 11360 | D:14     | Reached skill level 15 in Axes
 12103 | D:14     | Noticed Louise
 12123 | D:14     | Killed Louise
 12628 | Lair:2   | Reached XP level 14. HP: 144/144 MP: 5/5
 13788 | Lair:3   | Received a gift from Trog
 14542 | Lair:4   | Found a staircase to the Snake Pit.
 14932 | Lair:4   | Got an ancient buckler
 15292 | Lair:5   | Received a gift from Trog
 15299 | Lair:5   | Reached skill level 10 in Throwing
 15310 | Lair:5   | Got a scorched shortbow {god gift}
 15734 | Lair:5   | Found a staircase to the Swamp.
 15993 | Lair:2   | Identified the +13 shortbow of Trog's Castigation {freeze, rN+ Dex+3} (Trog gifted it to you on level 5 of the Lair of Beasts)
 15998 | Lair:2   | Identified the +2 buckler of Absence {rF+ Str+3 Dex+4 SInv} (You found it on level 4 of the Lair of Beasts)
 16008 | Lair:2   | Upgraded the game from 0.16-a0-4008-gc88e425 to 0.16-a0-4020-g6ff35b5
 16296 | Lair:6   | Noticed Harold
 16309 | Lair:6   | Killed Harold
 16816 | Lair:7   | Found a frozen archway.
 16830 | Lair:7   | Received a gift from Trog
 16888 | IceCv    | Entered an ice cave
 16888 | IceCv    | Noticed Charly's ghost (powerful VSTm)
 16900 | IceCv    | Killed Charly's ghost
 17204 | IceCv    | Noticed a frost giant
 17218 | IceCv    | Killed a frost giant
 17241 | IceCv    | Identified Xaf Biw's Volume of Ice
 17848 | Lair:3   | Received a gift from Trog
 17964 | Lair:3   | Got a transparent battleaxe {god gift}
 17965 | Lair:3   | Identified the +8 battleaxe of the Wraith {chop, Dex+7} (Trog gifted it to you on level 3 of the Lair of Beasts)
 18062 | Lair:7   | Reached XP level 15. HP: 150/150 MP: 6/6
 18243 | Lair:7   | Noticed Nergalle
 18250 | Lair:7   | Killed Nergalle
 18569 | Lair:7   | Noticed Erica
 18571 | Lair:7   | Killed Erica
 18594 | Lair:7   | Found a staircase to the Slime Pits.
 18740 | Lair:8   | Entered Level 8 of the Lair of Beasts
 18830 | Lair:8   | HP: 1/150 [death yak (11)]
 18830 | Lair:8   | Demolished by a death yak

Action                   |  1- 3 |  4- 6 |  7- 9 | 10-12 | 13-15 || total
-------------------------+-------+-------+-------+-------+-------++-------
Melee: Hand axe          |    93 |   119 |   423 |   109 |       ||   744
       War axe           |       |       |       |   105 |       ||   105
       Battleaxe         |       |       |       |   227 |   395 ||   622
Throw: Tomahawk          |       |    10 |    40 |   218 |   186 ||   454
       Javelin           |       |       |       |    16 |    94 ||   110
       Throwing net      |       |       |       |       |     1 ||     1
Invok: Trog's Hand       |       |     1 |     4 |    15 |     4 ||    24
       Berserk           |       |     1 |     1 |       |       ||     2
       Burn Spellbooks   |       |       |     3 |       |     1 ||     4
       Brothers in Arms  |       |       |       |     2 |     3 ||     5
Evoke: Wand              |       |       |     1 |       |    16 ||    17
  Use: Scroll            |       |       |    19 |    14 |    16 ||    49
       Potion            |       |       |     2 |       |     2 ||     4
  Eat: Chunk             |       |     5 |    14 |    19 |    24 ||    62
       Fruit             |       |       |       |       |     2 ||     2
